SAAA
HAMILTON COYOTES @ TORTOLITA DRUMMERS
07/11/2042
 
TOP OF THE 1ST
Hamilton Coyotes batting - Pitching for Tortolita Drummers : RHP Cisco Pérez
Pitching: RHP Cisco Pérez
Batting: SHB Aristotle Auer 0-0: Called Strike
0-1: Ground out 4-3 (Groundball, 4, EV 86.2 MPH)
Batting: RHB Michael Collier 0-0: Ball
1-0: Foul Ball, location: 2F
1-1: Ball
2-1: Ground out 5-3 (Groundball, 56, EV 101.2 MPH)
Batting: SHB Alex Warner 0-0: Ground out 6-3 (Groundball, 6M, EV 88.1 MPH)
Top of the 1st over - 0 runs, 0 hits, 0 errors, 0 left on base; Hamilton 0 - Tortolita 0
BOTTOM OF THE 1ST
Tortolita Drummers batting - Pitching for Hamilton Coyotes : RHP Luis Pantoja
Pitching: RHP Luis Pantoja
Batting: LHB Carlos Leyva 0-0: Ball
1-0: Foul Ball, location: 2F
1-1: SINGLE (Line Drive, 78S, EV 113.1 MPH)
Batting: LHB Lonnie Baker 0-0: Ball
1-0: Ball
2-0: DOUBLE (Groundball, 3L, EV 106.9 MPH)
Carlos Leyva to third
Batting: LHB Shawn Kyllo 0-0: Called Strike
0-1: Fly out, F7 (Flyball, 7S, EV 85.6 MPH)
Batting: SHB John Wilder 0-0: Ball
1-0: Ball
2-0: DOUBLE (Flyball, 8RXD, EV 100.6 MPH)
Carlos Leyva scores
Lonnie Baker scores
Batting: RHB Tsuneari Hirano 0-0: Ball
1-0: Ball
2-0: Swinging Strike
2-1: Ball
3-1: SINGLE (Groundball, 34, EV 90.0 MPH) (infield hit)
John Wilder to third
Batting: RHB Ken Moore 0-0: Ball
1-0: Called Strike
1-1: Swinging Strike
1-2: Ball
2-2: Ball
3-2: Fly out, F8 (Flyball, 8LS, EV 91.2 MPH)
Batting: RHB Lonnie Doble 0-0: Ball
1-0: Foul Ball, location: 2F
1-1: Foul Ball, location: 2F
1-2: DOUBLE (Line Drive, 89D, EV 108.8 MPH)
John Wilder scores
Tsuneari Hirano to third
Runner from 3rd tries for Home, SAFE, throw by RF to trailing runner, SAFE at third!
Batting: SHB Fernando Rincón 0-0: Swinging Strike
0-1: Ball
1-1: Called Strike
1-2: Ball
2-2: Ground out 1-3 (Groundball, 34S, EV 63.8 MPH)
Bottom of the 1st over - 4 runs, 5 hits, 0 errors, 1 left on base; Hamilton 0 - Tortolita 4
TOP OF THE 2ND
Hamilton Coyotes batting - Pitching for Tortolita Drummers : RHP Cisco Pérez
Batting: SHB Marcos Román 0-0: Ball
1-0: Ball
2-0: Called Strike
2-1: Foul Ball, location: 2F
2-2: Ball
3-2: Strikes out swinging
Batting: LHB Jason Powell 0-0: Called Strike
0-1: Ground out 1-3 (Groundball, 15S, EV 69.4 MPH)
Batting: RHB Gary Goodwin 0-0: Ball
1-0: Ground out 4-3 (Groundball, 4, EV 85.0 MPH)
Top of the 2nd over - 0 runs, 0 hits, 0 errors, 0 left on base; Hamilton 0 - Tortolita 4
BOTTOM OF THE 2ND
Tortolita Drummers batting - Pitching for Hamilton Coyotes : RHP Luis Pantoja
Batting: RHB Graeme Dormer 0-0: Called Strike
0-1: Ball
1-1: Ball
2-1: Foul Ball, location: 2F
2-2: SOLO HOME RUN (Flyball, 7D, EV 108.1 MPH), Distance : 345 ft
Batting: LHB Carlos Leyva 0-0: Called Strike
0-1: Swinging Strike
0-2: Ball
1-2: Foul Ball, location: 2F
1-2: Fly out, F9 (Line Drive, 9D, EV 103.8 MPH)
Batting: LHB Lonnie Baker 0-0: Ball
1-0: Ball
2-0: Ball
3-0: Base on Balls
Batting: LHB Shawn Kyllo 0-0: Ball
1-0: Ball
2-0: Ball
3-0: Called Strike
3-1: Base on Balls
Lonnie Baker to second
Batting: SHB John Wilder 0-0: Ball
1-0: Ball
2-0: Ball
3-0: Called Strike
3-1: Fly out, F9 (Flyball, 9D, EV 94.4 MPH)
Runner from 2nd tags up, SAFE at 3rd, no throw by RF
Batting: RHB Tsuneari Hirano 0-0: DOUBLE (Line Drive, 3D, EV 96.9 MPH)
Lonnie Baker scores
Shawn Kyllo to third
Runner from 3rd tries for Home, SAFE, throw by RF to home
Pitching: RHP Ken Dundee
Batting: RHB Ken Moore 0-0: Ball
1-0: Ball
2-0: Ball
3-0: Base on Balls
Batting: RHB Lonnie Doble 0-0: Called Strike
0-1: 3-RUN HOME RUN (Flyball, 78XD, EV 96.9 MPH), Distance : 386 ft
Batting: SHB Fernando Rincón 0-0: Ball
1-0: Ball
2-0: SINGLE (Line Drive, 9S, EV 100.0 MPH)
Batting: RHB Graeme Dormer 0-0: Foul Ball, location: 2F
0-1: Ball
1-1: Ball
2-1: Fly out, F3 (Line Drive, 3, EV 75.0 MPH)
Bottom of the 2nd over - 6 runs, 4 hits, 0 errors, 1 left on base; Hamilton 0 - Tortolita 10
TOP OF THE 3RD
Hamilton Coyotes batting - Pitching for Tortolita Drummers : RHP Cisco Pérez
Batting: RHB Cary Collins 0-0: Ball
1-0: SINGLE (Groundball, 6D, EV 103.8 MPH)
Batting: RHB Kazunari Mizuno 0-0: Ball
1-0: Called Strike
1-1: Swinging Strike
1-2: Single, Error in OF, E7, batter to second base (Line Drive, 7LS, EV 88.8 MPH)
Cary Collins to third
Batting: SHB Júlio Moreno 0-0: Ball
1-0: Called Strike
1-1: Called Strike
1-2: Foul Ball, location: 2F
1-2: Strikes out swinging
Batting: SHB Aristotle Auer 0-0: Ground out 5-3 (Groundball, 56, EV 106.2 MPH)
Cary Collins scores
Batting: RHB Michael Collier 0-0: Ball
1-0: Called Strike
1-1: SINGLE (Groundball, 6D, EV 105.6 MPH)
Kazunari Mizuno to third
Runner from 3rd tries for Home, SAFE, throw by CF to home
Batting: SHB Alex Warner 0-0: Ball
1-0: Ball
2-0: Foul Ball, location: 2F
2-1: Fly out, F8 (Flyball, 8RS, EV 85.6 MPH)
Top of the 3rd over - 2 runs, 3 hits, 1 error, 1 left on base; Hamilton 2 - Tortolita 10
BOTTOM OF THE 3RD
Tortolita Drummers batting - Pitching for Hamilton Coyotes : RHP Ken Dundee
Batting: LHB Carlos Leyva 0-0: Ball
1-0: Ball
2-0: Foul Ball, location: 2F
2-1: Foul Ball, location: 2F
2-2: Foul Ball, location: 2F
2-2: Fly out, F7 (Flyball, 7, EV 95.6 MPH)
Batting: LHB Lonnie Baker 0-0: Fly out, F6 (Popup, 6, EV 76.9 MPH)
Batting: LHB Shawn Kyllo 0-0: Ball
1-0: Ball
2-0: Called Strike
2-1: Swinging Strike
2-2: Ball
3-2: Base on Balls
Batting: SHB John Wilder 0-0: Ball
1-0: Called Strike
Balk!
Shawn Kyllo to second
1-1: Foul Ball, location: 2F
1-2: Ball
2-2: Ball
3-2: Fly out, F5 (Popup, 25F, EV 90.0 MPH)
Bottom of the 3rd over - 0 runs, 0 hits, 0 errors, 1 left on base; Hamilton 2 - Tortolita 10
TOP OF THE 4TH
Hamilton Coyotes batting - Pitching for Tortolita Drummers : RHP Cisco Pérez
Batting: SHB Marcos Román 0-0: DOUBLE (Line Drive, 78D, EV 105.0 MPH)
Batting: LHB Jason Powell 0-0: Called Strike
0-1: Ball
1-1: Ground out U3 (Groundball, 34S, EV 68.1 MPH)
Marcos Román to third
Batting: RHB Gary Goodwin 0-0: Foul Ball, location: 2F
0-1: Ball
1-1: SINGLE (Groundball, 5D, EV 100.6 MPH)
Marcos Román scores
Batting: RHB Cary Collins 0-0: Grounds into double play, 4-6-3 (Groundball, 4, EV 89.4 MPH)
Top of the 4th over - 1 run, 2 hits, 0 errors, 0 left on base; Hamilton 3 - Tortolita 10
BOTTOM OF THE 4TH
Tortolita Drummers batting - Pitching for Hamilton Coyotes : RHP Ken Dundee
Batting: RHB Tsuneari Hirano 0-0: SINGLE (Flyball, 89M, EV 90.6 MPH)
Batting: RHB Ken Moore 0-0: Ball
1-0: Swinging Strike
1-1: Called Strike
Tsuneari Hirano is caught stealing 2nd base 2-4
1-2: Foul Ball, location: 2F
1-2: Strikes out swinging
Batting: RHB Lonnie Doble 0-0: Ball
1-0: SINGLE (Groundball, 56D, EV 106.9 MPH)
Batting: SHB Fernando Rincón 0-0: Ball
1-0: Ball
2-0: Called Strike
2-1: Fly out, F6 (Line Drive, 6, EV 66.9 MPH)
Bottom of the 4th over - 0 runs, 2 hits, 0 errors, 1 left on base; Hamilton 3 - Tortolita 10
TOP OF THE 5TH
Hamilton Coyotes batting - Pitching for Tortolita Drummers : RHP Cisco Pérez
Batting: RHB Kazunari Mizuno 0-0: Called Strike
0-1: Ball
1-1: Called Strike
1-2: Strikes out swinging
Batting: SHB Júlio Moreno 0-0: Ball
1-0: Ball
2-0: Called Strike
2-1: Swinging Strike
2-2: SINGLE (Groundball, 25, EV 69.4 MPH) (infield hit)
Batting: SHB Aristotle Auer 0-0: Ball
1-0: Ball
2-0: Ball
3-0: Called Strike
3-1: Foul Ball, location: 2F
3-2: Base on Balls
Júlio Moreno to second
Batting: RHB Michael Collier 0-0: Called Strike
0-1: Ball
1-1: Ball
2-1: Fielders Choice at 2nd, 5-4 (Groundball, 5, EV 102.5 MPH)
Júlio Moreno to third
Batting: SHB Alex Warner Pickoff Throw to First - Out! 1-3
Top of the 5th over - 0 runs, 1 hit, 0 errors, 1 left on base; Hamilton 3 - Tortolita 10
BOTTOM OF THE 5TH
Tortolita Drummers batting - Pitching for Hamilton Coyotes : RHP Ken Dundee
Batting: RHB Graeme Dormer 0-0: Called Strike
0-1: Ground out 5-3 (Groundball, 56, EV 108.1 MPH)
Batting: LHB Carlos Leyva 0-0: Called Strike
0-1: Foul Ball, location: 2F
0-2: Ball
1-2: Foul Ball, location: 2F
1-2: Foul Ball, location: 2F
1-2: Foul Ball, location: 2F
1-2: Ball
2-2: Ball
3-2: Ground out 5-3 (Groundball, 5, EV 103.1 MPH)
Batting: LHB Lonnie Baker 0-0: Foul Ball, location: 2F
0-1: Ball
1-1: DOUBLE (Line Drive, 89XD, EV 108.8 MPH)
Batting: LHB Shawn Kyllo 0-0: Ball
1-0: Foul Ball, location: 2F
1-1: TRIPLE (Flyball, 89XD, EV 106.2 MPH)
Lonnie Baker scores
Batting: SHB John Wilder 0-0: Ball
1-0: Ball
2-0: Ground out 4-3 (Groundball, 4, EV 85.6 MPH)
Bottom of the 5th over - 1 run, 2 hits, 0 errors, 1 left on base; Hamilton 3 - Tortolita 11
TOP OF THE 6TH
Hamilton Coyotes batting - Pitching for Tortolita Drummers : RHP Cisco Pérez
Batting: SHB Alex Warner 0-0: Ball
1-0: Foul Ball, location: 2F
1-1: Ball
2-1: Reached on error, E4 (Groundball, 4S, EV 68.1 MPH)
Batting: SHB Marcos Román 0-0: Called Strike
0-1: Called Strike
0-2: Ball
Passed Ball!
Alex Warner to second
1-2: Foul Ball, location: 2F
1-2: Foul Ball, location: 2F
1-2: Ball
2-2: SINGLE (Line Drive, 8LS, EV 100.6 MPH)
Alex Warner to third
Batting: LHB Jason Powell 0-0: Foul Ball, location: 2F
0-1: Swinging Strike
0-2: Ball
1-2: Ball
2-2: SINGLE (Line Drive, 34D, EV 94.4 MPH)
Alex Warner scores
Marcos Román to second
Batting: RHB Gary Goodwin 0-0: Called Strike
0-1: Ball
1-1: Ball
2-1: Swinging Strike
2-2: SINGLE (Line Drive, 6MD, EV 95.6 MPH)
Marcos Román to third
Jason Powell to second
Runner from 3rd tries for Home, SAFE, no throw by CF
Batting: RHB Cary Collins 0-0: Fly out, F3 (Line Drive, 3, EV 64.4 MPH)
Batting: RHB Kazunari Mizuno 0-0: Ball
1-0: Called Strike
1-1: Ball
2-1: Swinging Strike
2-2: Ball
3-2: Foul Ball, location: 2F
3-2: Fielders Choice at 2nd, 1-6 (Groundball, 34S, EV 81.9 MPH)
Jason Powell to third
Batting: SHB Júlio Moreno 0-0: Called Strike
0-1: Ball
1-1: Fly out, F8 (Line Drive, 8RM, EV 91.2 MPH)
Top of the 6th over - 2 runs, 3 hits, 1 error, 2 left on base; Hamilton 5 - Tortolita 11
BOTTOM OF THE 6TH
Tortolita Drummers batting - Pitching for Hamilton Coyotes : RHP Ken Dundee
Batting: RHB Tsuneari Hirano 0-0: Ball
1-0: Ball
2-0: Called Strike
2-1: Fly out, F8 (Flyball, 8RXD, EV 87.5 MPH)
Pitching: RHP Guy Walters
Batting: RHB Ken Moore 0-0: Ball
1-0: Ball
2-0: Swinging Strike
2-1: Foul Ball, location: 2F
2-2: Foul Ball, location: 2F
2-2: Strikes out swinging
Batting: RHB Lonnie Doble 0-0: Ground out 4-3 (Groundball, 4, EV 83.8 MPH)
Bottom of the 6th over - 0 runs, 0 hits, 0 errors, 0 left on base; Hamilton 5 - Tortolita 11
TOP OF THE 7TH
Hamilton Coyotes batting - Pitching for Tortolita Drummers : RHP Cisco Pérez
Batting: SHB Aristotle Auer 0-0: Ball
1-0: Called Strike
1-1: Ball
2-1: Called Strike
2-2: Ball
3-2: Foul Ball, location: 2F
3-2: Foul Ball, location: 2F
3-2: SINGLE (Line Drive, 4D, EV 111.2 MPH)
Pitching: RHP Armando Romano
Batting: RHB Michael Collier 0-0: Fly out, F9 (Line Drive, 9, EV 87.5 MPH)
Batting: SHB Alex Warner 0-0: Foul Ball, location: 2F
0-1: SINGLE (Groundball, 3, EV 104.4 MPH) (infield hit)
Aristotle Auer to second
Batting: SHB Marcos Román 0-0: Called Strike
Aristotle Auer steals 3rd base
0-1: Ball
1-1: Swinging Strike
1-2: Strikes out swinging
Batting: LHB Jason Powell 0-0: Ball
1-0: Fielders Choice at 2nd, 5-4 (Groundball, 5, EV 106.2 MPH)
Top of the 7th over - 0 runs, 2 hits, 0 errors, 2 left on base; Hamilton 5 - Tortolita 11
BOTTOM OF THE 7TH
Tortolita Drummers batting - Pitching for Hamilton Coyotes : RHP Guy Walters
Batting: SHB Fernando Rincón 0-0: Foul Ball, location: 2F
0-1: Ball
1-1: Foul Ball, location: 2F
1-2: Fly out, F8 (Flyball, 78M, EV 86.9 MPH)
Batting: RHB Graeme Dormer 0-0: Foul Ball, location: 2F
0-1: Ball
1-1: Foul Ball, location: 2F
1-2: Ball
2-2: Strikes out looking
Batting: LHB Carlos Leyva 0-0: Called Strike
0-1: Foul Ball, location: 2F
0-2: SOLO HOME RUN (Flyball, 9D, EV 97.5 MPH), Distance : 370 ft
Batting: LHB Lonnie Baker 0-0: DOUBLE (Line Drive, 7LM, EV 108.8 MPH)
Batting: LHB Shawn Kyllo 0-0: Called Strike
0-1: Ball
1-1: Foul Ball, location: 2F
1-2: Ball
2-2: Fly out, F9 (Flyball, 89D, EV 103.1 MPH)
Bottom of the 7th over - 1 run, 2 hits, 0 errors, 1 left on base; Hamilton 5 - Tortolita 12
TOP OF THE 8TH
Hamilton Coyotes batting - Pitching for Tortolita Drummers : RHP Armando Romano
Batting: RHB Gary Goodwin 0-0: Called Strike
0-1: Swinging Strike
0-2: Strikes out swinging
Batting: RHB Cary Collins 0-0: Foul Ball, location: 2F
0-1: Ball
1-1: Ball
2-1: Swinging Strike
2-2: Foul Ball, location: 2F
2-2: Fly out, F3 (Popup, 3F, EV 74.4 MPH)
Batting: RHB Kazunari Mizuno 0-0: Called Strike
0-1: Swinging Strike
0-2: Ball
1-2: Fly out, F7 (Flyball, 7S, EV 84.4 MPH)
Top of the 8th over - 0 runs, 0 hits, 0 errors, 0 left on base; Hamilton 5 - Tortolita 12
BOTTOM OF THE 8TH
Tortolita Drummers batting - Pitching for Hamilton Coyotes : RHP Guy Walters
Batting: SHB John Wilder 0-0: Called Strike
0-1: Swinging Strike
0-2: Ball
1-2: SOLO HOME RUN (Flyball, 89XD, EV 102.5 MPH), Distance : 396 ft
Pinch Hitting: RHB Tso-i Wang 0-0: Ball
1-0: Foul Ball, location: 2F
1-1: Ground out 5-3 (Groundball, 56, EV 83.8 MPH)
Batting: RHB Ken Moore 0-0: SINGLE (Groundball, 34D, EV 98.1 MPH)
Pinch Hitting: RHB Hayes Rutherford 0-0: Ball
1-0: Ball
2-0: Ball
3-0: Base on Balls
Ken Moore to second
Batting: SHB Fernando Rincón 0-0: Ball
1-0: Ball
2-0: Called Strike
2-1: Ball
3-1: Base on Balls
Ken Moore to third
Hayes Rutherford to second
Batting: RHB Graeme Dormer 0-0: Called Strike
0-1: Ball
1-1: Called Strike
1-2: Ball
2-2: Fly out, F7 (Flyball, 7LS, EV 91.9 MPH)
Batting: LHB Carlos Leyva 0-0: Ball
1-0: Ball
2-0: Foul Ball, location: 2F
2-1: Called Strike
2-2: Ball
3-2: Base on Balls
Ken Moore scores
Hayes Rutherford to third
Fernando Rincón to second
Batting: LHB Lonnie Baker 0-0: Fly out, F8 (Flyball, 8LD, EV 93.8 MPH)
Bottom of the 8th over - 2 runs, 2 hits, 0 errors, 3 left on base; Hamilton 5 - Tortolita 14
TOP OF THE 9TH
Hamilton Coyotes batting - Pitching for Tortolita Drummers : RHP Armando Romano
Now at 2B: Hayes Rutherford
Now at 3B: Tso-i Wang
Batting: SHB Júlio Moreno 0-0: Foul Ball, location: 2F
0-1: SINGLE (Groundball, 34, EV 88.1 MPH) (infield hit)
Pitching: RHP Freddy Calcines
Batting: SHB Aristotle Auer 0-0: Ball
1-0: Foul Ball, location: 2F
1-1: Ball
2-1: Fly out, F9 (Flyball, 9S, EV 88.8 MPH)
Batting: RHB Michael Collier 0-0: Called Strike
0-1: Called Strike
0-2: Foul Ball, location: 2F
0-2: Ball
1-2: Ball
2-2: Strikes out swinging
Batting: SHB Alex Warner 0-0: Ball
1-0: Foul Ball, location: 2F
1-1: Foul Ball, location: 2F
1-2: Ball
Wild Pitch!
Júlio Moreno to second
2-2: Ball
3-2: Ground out 4-3 (Groundball, 4, EV 86.2 MPH)
Top of the 9th over - 0 runs, 1 hit, 0 errors, 1 left on base; Hamilton 5 - Tortolita 14
Friday, March 26th, 2021 - OOTP Baseball 20.8 Build 74